 Dungeon Crawl Stone Soup version 0.31-a0-846-gb3bcc0d938 (webtiles) character file.

Game seed: 8322649128784431216

291 promet the Magician (level 6, -29/34 HPs)
             Began as a Deep Elf Hedge Wizard on Oct 3, 2023.
             Was an Initiate of Sif Muna.
             Annihilated by an ogre
             ... wielding a +0 giant club
              (35 damage)
             ... on level 5 of the Dungeon.
             The game lasted 00:36:33 (5815 turns).

promet the Magician (Deep Elf Hedge Wizard)         Turns: 5815, Time: 00:36:33

Health: -29/34     AC:  2    Str:  7    XL:     6   Next: 10%
Magic:  15/17      EV: 12    Int: 21    God:    Sif Muna [......]
Gold:   173        SH:  0    Dex: 14    Spells: 10/18 levels left

rFire   . . .        a - +11 lajatang of Bulur {spect, SInv}
rCold   . . .        (shield currently unavailable)
rNeg    . . .        l - +0 robe
rPois   .            f - +0 hat
rElec   .            (no cloak)
rCorr   .            (no gloves)
SInv    +            (no boots)
Will    .....        (no amulet)
Stlth   ++           (no ring)
HPRegen 0.25/turn    (no ring)
MPRegen 0.15/turn

%: no passive effects
@: on blink cooldown
A: no striking features
a: Renounce Religion


You were on level 5 of the Dungeon.
You worshipped Sif Muna.
Sif Muna was noncommittal.
You visited 2 branches of the dungeon, and saw 6 of its levels.

You collected 173 gold pieces.

Inventory:

Hand Weapons
 a - the +11 lajatang of Bulur (weapon) {spect, SInv}
   (You acquired it on level 2 of the Dungeon)

   SInv:      It lets you see invisible.
 b - a +0 sling
 c - a +0 trident
 e - a +0 dagger
 m - a +2 dagger of venom
Missiles
 j - 25 stones
 r - 5 boomerangs (quivered)
 s - 2 poisoned darts
Armour
 f - a +0 hat (worn)
 k - the orb of Ubyal {mayhem, Fly Dex+3}
   (You found it on level 2 of the Dungeon)

   Dex+3:     It affects your dexterity (+3).
   Fly:       It grants you flight.
 l - a +0 robe (worn)
Jewellery
 g - a +6 ring of strength
Potions
 d - a potion of magic
 h - 2 potions of mutation
 i - a potion of heal wounds
 n - a potion of berserk rage {unknown}
 p - a potion of curing


   Skills:
 * Level 1.0 Fighting
 + Level 0.9(1.2) Polearms
 * Level 1.7(2.0) Staves
 + Level 0.2 Ranged Weapons
 + Level 2.8 Dodging
 + Level 3.6 Stealth
 + Level 6.8 Spellcasting
 + Level 1.7 Conjurations
 + Level 2.1 Summonings
 + Level 1.1 Translocations
 + Level 0.3 Earth Magic


You had 10 spell levels left.
You knew the following spells:

 Your Spells              Type           Power      Damage    Failure   Level
a - Magic Dart            Conj           56%        1d5       4%          1
b - Sandblast             Erth           16%        2d6       8%          1
c - Blink                 Tloc           22%        N/A       9%          2
d - Call Imp              Summ           32%        N/A       5%          2
e - Passwall              Tmut/Erth      5%         N/A       13%         2

Your spell library contained the following spells:

 Spells                   Type           Power      Damage    Failure   Level
 Slow                     Hex            28%        N/A       9%          1
 Cigotuvi's Dreadful Rot  Necr/Pois/Air  14%        N/A       14%         2
 Ensorcelled Hibernation  Hex/Ice        14%        N/A       14%         2
 Jinxbite                 Hex            14%        N/A       14%         2
 Gell's Gravitas          Tloc           11%        N/A       17%         3
 Teleport Other           Tloc           11%        N/A       17%         3
 Stone Arrow              Conj/Erth      22%        3d8       19%         3
 Mephitic Cloud           Conj/Pois/Air  9%         N/A       22%         3
 Confusing Touch          Hex            7%         N/A       26%         3
 Sigil of Binding         Hex            7%         N/A       26%         3
 Vampiric Draining        Necr           7%         2d6       26%         3
 Brom's Barrelling Bould  Conj/Erth      11%        2d3       52%         4
 Anguish                  Hex/Necr       3%         N/A       65%         4
 Summon Forest            Summ/Tloc      7%         N/A       77%         5
 Dispersal                Tloc           5%         N/A       100%        6
 Eringya's Noxious Bog    Tmut/Pois      3%         4d6       100%        6
 Summon Hydra             Summ           8%         N/A       100%        7


Dungeon Overview and Level Annotations

Branches:
Dungeon (5/15)             Temple (1/1) D:4

Altars:
Ashenzari
Cheibriados
Elyvilon
Fedhas
Gozag
Hepliaklqana
Kikubaaqudgha
Makhleb
Okawaru
Qazlal
Ru
Sif Muna
Trog
Uskayaw
Vehumet
Wu Jian
Xom
Zin

Shops:
D:2 *   D:4 =

Annotations:
D:3 3 runed translucent doors, WizardMan's ghost, weakling FeEn


Message History

You kill the orc wizard!
Sif Muna accepts your kill.
Your +11 lajatang of Bulur {spect, SInv} disappears.
The orc hits you with a +0 dagger. x2
Your Summonings skill increases to level 2!
You have reached level 6!
You slash the orc!
You kill the orc!
Sif Muna accepts your kill.
Things that are here:
a +0 dagger; an orc corpse You start resting.
HP restored.
You start waiting.
Done waiting.
There is a stone staircase leading down, spattered with blood here.
You climb downwards.
The orc hits you with a +0 hand axe. The orc barely misses you.
The orc hits you with a +0 hand axe. The ogre closely misses you.
The orc closely misses you.
There is a stone staircase leading up, spattered with blood here.
You hit the orc.
The orc is severely wounded.
Your +11 lajatang of Bulur {spect, SInv} completely misses the orc.
The orc closely misses you. The orc hits you with a +0 war axe.
The orc barely misses your +11 lajatang of Bulur {spect, SInv}.
You aren't carrying any scrolls.
Casting: Sandblast (safe; 8% risk of failure)
Confirm with . or Enter, or press ? or * to list all spells.
You blink.
Found a stone staircase leading down.
Your +11 lajatang of Bulur {spect, SInv} disappears.
The orc hits you with a +0 war axe! The orc hits you with a +0 hand axe.
* * * LOW HITPOINT WARNING * * *
The orc attacks as it pursues you! The orc hits you with a +0 war axe.
* * * LOW HITPOINT WARNING * * *
An orc wizard comes into view.
It is wielding a +1 dagger of electrocution.
The ogre attacks as it pursues you!
The ogre hits you with a +0 giant club!!
Ouch! That really hurt!
You die...

#.....<....... .#
#....o$....###
.#####...o..#####
..#...o.#.##
###......##.
##...#....#..
......o.##.# #.#...#
#. ##...@.# #$
##...ooO###
#######.........#
..............#.....
..............#.....
....................
........<.....##.>..
############### ...
..


You could see an ogre, 2 orc wizards and 4 orcs.

Vanquished Creatures
  An orc wizard (D:4)
  4 adders
  An ufetubus (D:5)
  2 worms (D:2)
  2 dart slugs
  6 orcs
  5 ball pythons
  3 bats
  4 endoplasms
  A giant cockroach (D:1)
  16 goblins
  5 hobgoblins
  2 jackals (D:4)
  7 kobolds
  6 quokkas
  5 frilled lizards
  5 rats
75 creatures vanquished.

Vanquished Creatures (collateral kills)
  An ogre (D:4)
  Robin (D:3)
  2 adders
  A worm (D:2)
  3 goblins
  A hobgoblin (D:4)
  3 jackals (D:3)
  A quokka (D:3)
  3 frilled lizards
  A rat (D:2)
17 creatures vanquished.

Grand Total: 92 creatures vanquished

Notes
Turn   | Place    | Note
-------+----------+-------------------------------------------
     0 | D:1      | promet the Deep Elf Hedge Wizard began the quest for the
                  | Orb.
     0 | D:1      | Reached XP level 1. HP: 10/10 MP: 7/7
   497 | D:1      | Reached XP level 2. HP: 5/15 MP: 5/9
   546 | D:1      | Reached skill level 5 in Spellcasting
   709 | D:1      | Learned a level 1 spell: Sandblast
   712 | D:1      | Learned a level 2 spell: Blink
   715 | D:1      | Learned a level 2 spell: Call Imp
  1262 | D:2      | Found Caeckin's Assorted Antiques.
  1285 | D:2      | Identified a scroll of acquirement
  1285 | D:2      | Acquired the +11 lajatang of Bulur {spect, SInv}
  1291 | D:2      | Found a faded altar of an unknown god.
  1690 | D:2      | Reached XP level 3. HP: 19/19 MP: 11/11
  1713 | D:2      | Identified the orb of Ubyal {mayhem, Fly Dex+3}
  2518 | D:3      | Reached XP level 4. HP: 24/24 MP: 8/13
  2995 | D:3      | Reached skill level 6 in Spellcasting
  3407 | D:3      | Found a runed translucent gate.
  3407 | D:3      | Noticed WizardMan's ghost (weakling FeEn)
  3408 | D:3      | Found a runed translucent gate.
  3408 | D:3      | Identified the +5 whip of Watchfulness {freeze, rC- rCorr
                  | Int+2}
  3409 | D:3      | Found a runed translucent gate.
  3780 | D:3      | Reached skill level 1 in Staves
  3949 | D:4      | Noticed an ogre
  3978 | D:4      | Found an iron altar of Okawaru.
  4460 | D:4      | Killed an ogre
  4461 | D:4      | Reached skill level 1 in Fighting
  4461 | D:4      | Reached XP level 5. HP: 29/29 MP: 11/15
  4501 | D:4      | Found a staircase to the Ecumenical Temple.
  4511 | Temple   | Entered the Ecumenical Temple
  4528 | Temple   | Became a worshipper of Sif Muna the Loreminder
  4600 | D:4      | Found Gumoffaig's Jewellery Shoppe.
  4633 | D:4      | Learned a level 2 spell: Passwall
  4786 | D:4      | Found a broken altar of Ashenzari.
  4917 | D:4      | Noticed Robin
  4964 | D:3      | Killed Robin
  5424 | D:4      | Found a burning altar of Makhleb.
  5626 | D:5      | Entered Level 5 of the Dungeon
  5656 | D:4      | Reached XP level 6. HP: 21/34 MP: 17/17
  5815 | D:5      | Annihilated by an ogre

Illustrated notes

Levels and vault maps discovered:
D:1:      zaba_arrival_water, layout_loops_cross
D:2:      kennysheep_six_static_rooms, layout_rooms, serial_shops, shop,
          ebering_ecumenical_altar_abandoned
D:3:      layout_basic, serial_glass, glass_columns_b, glass_columns_b,
          minmay_strange_pillars, due_unseen_surprise,
          biasface_ghost_orc_armoury, chequers_garden
D:4:      layout_rooms, mainiacjoe_overflow_alcove_4, evilmike_ruin_ashenzari,
          lightli_temple_of_fire, minmay_temple_entry_mini_moons, serial_shops,
          nicolae_shop_gibbet_a_chance, uniq_robin
D:5:      layout_rooms, kennysheep_path_1, interstate_on_off
Temple:   eino_wide_crystal_templ

Skill      XL: |  1  2  3  4  5 |
---------------+----------------+-----
Spellcasting   | 5 6 |  6.8
Staves         | 1 |  1.7
Fighting       | 1 |  1.0
Stealth        | 3 |  3.6
Summonings     | 2 |  2.1
Polearms       | |  0.9
Ranged Weapons | |  0.2
Dodging        | |  2.8
Conjurations   | |  1.7
Translocations | |  1.1
Earth Magic    | |  0.3

Action                     |  1- 3 |  4- 6 || total
---------------------------+-------+-------++-------
  Melee: Dagger            |    16 |       ||    16
         Lajatang          |    13 |    23 ||    36
         Trident           |     1 |    15 ||    16
   Fire: Sling             |     6 |       ||     6
  Throw: Dart              |       |     2 ||     2
         Boomerang         |       |     2 ||     2
   Cast: Magic Dart        |    44 |    34 ||    78
         Sandblast         |     7 |     7 ||    14
         Call Imp          |     8 |    15 ||    23
         Blink             |     2 |     3 ||     5
    Use: Scroll            |     6 |     2 ||     8
   Stab: Sleeping          |     3 |     7 ||    10
 Armour: Robe              |    20 |    32 ||    52
  Dodge: Dodged            |    24 |    24 ||    48

Table legend: (Time is in decaauts)
 A = Elapsed time spent in this place.
 B = Non-inter-level travel time spent in this place.
 C = Inter-level travel time spent in this place.
 D = Time resting spent in this place.
 E = Time spent auto-exploring this place.
 F = Levels seen in this place.
 G = Mean time per level.
                   A        B        C        D        E       F      G
               +--------+--------+--------+--------+--------+-----+--------+
         Total |   5849 |   5640 |    209 |   2061 |   1048 |   6 |  974.8 |
       Dungeon |   5814 |   5605 |    209 |   2061 |   1048 |   5 | 1162.8 |
        Temple |     34 |     34 |      0 |      0 |      0 |   1 |   34.0 |
               +--------+--------+--------+--------+--------+-----+--------+

Top non-repeatable levels by time:
     D:3: 2168 daAuts
     D:4: 1295 daAuts
     D:1: 1270 daAuts
     D:2: 1062 daAuts
  Temple: 34 daAuts
     D:5: 18 daAuts
